General information
- name: gay baby finex
- type: Custom game
- host: VELOX_NEB
- saver: FINeX
map: TirisfalGlades
- players: 9
- length: 09:25
- speed: Fast
- version: 1.21 W3XP
- replay type: Public
» download(32 KB)
Players
team 1 (winner)
FINeX (
blue | 91 APM | 861 actions | 09:25)
4 Far Seer
2 Feral Spirit
2 Chain Lighting
1 Tauren Chieftain
1 Shockwave
» actions
| Assign group hotkey | 60 | |
| Basic commands | 1 | |
| Build / train | 34 | |
| Enter build submenu | 9 | |
| Enter hero's abilities submenu | 5 | |
| Remove unit from queue | 2 | |
| Right click | 480 | |
| Select / deselect | 148 | |
| Select group hotkey | 91 | |
| Use ability | 31 | |
861 total
» units
» upgrades
| Ensnare | 1 | |
| Spirit Walker Training | 1 | |
| Pillage | 1 | |
| Berserker Strength | 1 | |
4 total
» buildings
| Altar of Storms | 1 | |
| Orc Burrow | 3 | |
| Barracks | 1 | |
| Stronghold | 1 | |
| Voodoo Lounge | 1 | |
| Beastiary | 1 | |
| Spirit Lodge | 1 | |
| War Mill | 1 | |
10 total
» build order
00:04 Altar of Storms
00:06 Orc Burrow
00:36 Barracks
01:30 Orc Burrow
02:56 Stronghold
03:09 Voodoo Lounge
03:43 Orc Burrow
05:26 Beastiary
06:11 Spirit Lodge
06:17 War Mill
» items
| Healing Salve | 1 | |
| Lesser Clarity Potion | 1 | |
2 total
team 2 (loser)
PhoneNumber (
pink | 75 APM | 706 actions | 09:24)
2 Archmage
1 Summon Water Elemental
1 Brilliance Aura
» actions
| Assign group hotkey | 11 | |
| Basic commands | 26 | |
| Build / train | 26 | |
| ESC pressed | 1 | |
| Enter build submenu | 15 | |
| Enter hero's abilities submenu | 2 | |
| Right click | 381 | |
| Select / deselect | 135 | |
| Select group hotkey | 84 | |
| Use ability | 25 | |
706 total
» units
» upgrades
» buildings
| Altar of Kings | 1 | |
| Barracks | 1 | |
| Farm | 6 | |
| Scout Tower | 6 | |
| Arcane Tower | 1 | |
| Lumber Mill | 1 | |
| Keep | 1 | |
| Blacksmith | 1 | |
| Guard Tower | 4 | |
| Arcane Vault | 1 | |
23 total
» build order
00:06 Altar of Kings
00:12 Barracks
00:25 Farm
00:50 Farm
01:35 Scout Tower
01:40 Scout Tower
02:14 Arcane Tower
02:18 Farm
03:33 Lumber Mill
06:07 Keep
06:09 Farm
06:11 Scout Tower
06:12 Scout Tower
06:29 Farm
06:30 Farm
06:53 Blacksmith
06:57 Guard Tower
07:31 Guard Tower
07:47 Arcane Vault
07:54 Scout Tower
08:42 Guard Tower
08:44 Scout Tower
09:13 Guard Tower
refereesVELOX_NEB,
GOKUMaN69,
NADMaN,
breadeater,
HERNaNDO,
BEAR_AND,
KeKeZergRush Chat log
(00:12 / All) FINeX: gL hF
(00:37 / All) PhoneNumber: where do i click buttan
(00:42 / All) NADMaN: That's what i just said
(00:49 / All) HERNaNDO: thats what SHE said
(00:52 / All) NADMaN: manner
(01:00 / All) PhoneNumber: what the button for maphack?
(01:06 / All) FINeX: alt+qq
(01:14 / All) FINeX: o k
(01:15 / All) VELOX_NEB: manner
(02:44 / All) PhoneNumber: THX 4 XP
(02:49 / All) FINeX: nmp bro
(02:59 / All) HERNaNDO: likin da manner guys gl hf.
(09:09 / All) PhoneNumber: i lose
(09:10 / All) PhoneNumber: ggggggggg
(09:13 / All) HERNaNDO: GG